 Dungeon Crawl Stone Soup version 0.22-a0-395-gfed312b (webtiles) character file.

39 ololoev the Magician (level 3, 0/21 HPs)
             Began as a Halfling Wizard on May 3, 2018.
             Slain by a kobold (4 damage)
             ... on level 1 of the Dungeon.
             The game lasted 00:03:16 (1257 turns).

ololoev the Magician (Halfling Wizard)              Turns: 1257, Time: 00:03:16

Health: 0/21       AC:  2    Str:  8    XL:     3   Next: 67%
Magic:  1/7        EV: 20    Int: 17    God:
Gold:   43         SH:  0    Dex: 17    Spells: 3/8 levels left

rFire    . . .     SeeInvis .   c - -2 club (curse)
rCold    . . .     Gourm    .   (shield restricted)
rNeg     . . .     Faith    .   a - +0 robe
rPois    .         Spirit   .   b - +0 hat
rElec    .         Reflect  .   (no cloak)
rCorr    .         Harm     .   (no gloves)
MR       .....                  (no boots)
Stlth    +++.......             (no amulet)
HPRegen  0.07/turn              (no ring)
MPRegen  0.10/turn              (no ring)

@: agile, very slightly contaminated
A: small, mutation resistance 1
a: no special abilities


Innate Abilities, Weirdness & Mutations

You are small and have problems with some larger weapons.
You are somewhat resistant to further mutation.

Inventory:

Hand Weapons
 c - a cursed -2 club (weapon)
 h - a cursed +0 whip
Armour
 a - a +0 robe (worn)
 b - a +0 hat (worn)
Potions
 f - a potion of magic {unknown}
 i - 2 potions of cancellation {unknown}
Comestibles
 d - 2 rations


   Skills:
 - Level 2.1 Dodging
 - Level 2.1 Stealth
 + Level 3.0 Spellcasting
 + Level 1.9 Conjurations
 - Level 0.7 Summonings
 - Level 1.1 Translocations


You had 3 spell levels left.
You knew the following spells:

 Your Spells              Type           Power        Failure   Level  Hunger
a - Magic Dart            Conj           #...         8%          1    None
b - Call Imp              Summ           #.......     21%         2    ##.....
k - Blink                 Tloc           N/A          17%         2    ##.....


You were on level 1 of the Dungeon.
You were hungry.

You visited 1 branch of the dungeon, and saw 2 of its levels.

You collected 43 gold pieces.

.##.# ##......#....#
.##.# ##...)........#
.##.#####.......##....#
###............>......#
.....##..........#....#
......................#
.....##..........#....#
####.##..........K....#
## #.##.........@#....#
.# #.###..#....###....#
.###.###......## #....#
.##..........## #....#
.............# #....#
###(.........# #....#
###..........# ##..>.#
..(..###.....####.....#
###..........#........###

Notes
Turn   | Place    | Note
-------+----------+-------------------------------------------
     0 | D:1      | ololoev the Halfling Wizard began the quest for the Orb.
     0 | D:1      | Reached XP level 1. HP: 11/11 MP: 3/3
    40 | D:1      | Reached skill level 1 in Conjurations
    81 | D:1      | Reached XP level 2. HP: 5/17 MP: 1/5
   313 | D:1      | Learned a level 2 spell: Blink
   316 | D:1      | Learned a level 2 spell: Call Imp
   700 | D:1      | Reached XP level 3. HP: 14/21 MP: 0/7
  1195 | D:2      | Reached skill level 3 in Spellcasting
  1257 | D:1      | Slain by a kobold

Dungeon Overview and Level Annotations

Branches:
Dungeon (2/15)

Altars:


Message History

The kobold closely misses you.
Unknown command.
The bat hits your crimson imp but does no damage.
The kobold throws a stone.
The stone barely misses your crimson imp.
The stone closely misses you.
Your crimson imp barely misses the kobold.
You see here a stone.
The bat hits you but does no damage. The kobold hits your crimson imp.
The kobold barely misses your crimson imp.
Your crimson imp barely misses the kobold.
The bat closely misses you.
The kobold throws a stone.
The stone hits your crimson imp.
Your crimson imp misses the kobold.
The bat barely misses you.
The kobold throws a stone.
The stone hits your crimson imp but does no damage.
Your crimson imp hits the kobold.
The bat barely misses you.
Your crimson imp hits the kobold.
You hit the bat.
The bat is moderately wounded.
The bat barely misses you.
The hobgoblin hits you but does no damage.
Your crimson imp blinks!
The bat hits you but does no damage.
You hit the bat.
The bat is heavily wounded.
The bat closely misses you. The hobgoblin hits you with a club.
The kobold closely misses you. The kobold hits you with a club.
The bat hits you but does no damage.
Your crimson imp closely misses the kobold.
The bat closely misses you. The bat barely misses you.
Your crimson imp disappears in a puff of smoke!
The bat misses you. The bat barely misses you. The hobgoblin barely misses you.
There is a stone staircase leading up here.
The bat misses you.
You climb upwards.
There is a stone staircase leading down here.
The kobold closely misses you.
Casting: Call Imp (safe; 21% risk of failure)
Confirm with . or Enter, or press ? or * to list all spells.
You miscast Call Imp.
Your brain hurts!
The hobgoblin closely misses you.
You aren't carrying any items that you can evoke.
Unknown command.
You aren't carrying any scrolls.
Unknown command.
You feel agile all of a sudden. The hobgoblin misses you.
You barely miss the hobgoblin.
The hobgoblin hits you but does no damage.
You closely miss the hobgoblin. The hobgoblin hits you with a club.
You hit the hobgoblin.
The hobgoblin is heavily wounded.
The hobgoblin hits you with a club. The hobgoblin completely misses you.
Casting: Call Imp (safe; 21% risk of failure)
Confirm with . or Enter, or press ? or * to list all spells.
You miscast Call Imp.
Your head hurts.
The hobgoblin misses you.
You hit the hobgoblin.
The hobgoblin is almost dead.
The hobgoblin closely misses you.
You hit the hobgoblin.
You kill the hobgoblin!
You hit the kobold.
The kobold is severely wounded.
The kobold hits you.
You hit the kobold but do no damage.
The kobold is heavily wounded.
The kobold hits you.
You hit the kobold but do no damage.
The kobold is heavily wounded.
The kobold completely misses you. The kobold closely misses you.
You hit the kobold but do no damage.
The kobold is heavily wounded.
The kobold hits you but does no damage.
You closely miss the kobold.
The kobold is heavily wounded.
The kobold barely misses you.
You hit the kobold but do no damage.
The kobold is heavily wounded.
The kobold completely misses you. The kobold hits you.
You die...

You could see a kobold.

Vanquished Creatures
  An ooze (D:1)
  A giant cockroach (D:1)
  5 goblins
  3 hobgoblins (D:1)
  4 jackals (D:1)
  3 bats (D:1)
  2 kobolds (D:1)
  3 rats (D:1)
22 creatures vanquished.

Vanquished Creatures (collateral kills)
  A gnoll (D:1)
  An ooze (D:1)
  A giant cockroach (D:1)
  A kobold (D:1)
4 creatures vanquished.

Grand Total: 26 creatures vanquished

Action                   || total
-------------------------++-------
Melee: Club              ||    76
 Cast: Magic Dart        ||    43
       Call Imp          ||     5
  Use: Scroll            ||     3
       Potion            ||     1
 Stab: Distracted        ||     1
  Eat: Chunk             ||     1
Armor: Robe              ||    24
Dodge: Dodged            ||   107

Vault maps used:
D:1:      minmay_arrival_cross
D:2:      lemuel_crystal_altar, first_ration
